 Dungeon Crawl Stone Soup version 0.26-a0-778-g3fe0686644 (webtiles) character file.

Game seed: 1485916410552101527

153 Sun the Sneak (level 5, -13/33 HPs)
             Began as a Kobold Delver on Nov 10, 2020.
             Mangled by an ogre
             ... wielding a +0 giant spiked club
              (16 damage)
             ... on level 5 of the Dungeon.
             The game lasted 00:00:46 (361 turns).

Sun the Sneak (Kobold Delver)                        Turns: 361, Time: 00:00:46

Health: -13/33     AC:  3    Str:  9    XL:     5   Next: 61%
Magic:  5/5        EV: 16    Int: 11    God:
Gold:   24         SH:  0    Dex: 18    Spells: 4/4 levels left

rFire    . . .     SeeInvis .   a - +0 short sword
rCold    . . .     Faith    .   (shield restricted)
rNeg     . . .     Spirit   .   b - +0 leather armour
rPois    .         Reflect  .   (no helmet)
rElec    .         Harm     .   (no cloak)
rCorr    .         Rampage  .   (no gloves)
MR       .....                  (no boots)
Stlth    +++++.....             (no amulet)
HPRegen  0.11/turn              (no ring)
MPRegen  0.09/turn              (no ring)

@: no status effects
A: small, nightstalker 3
a: no special abilities


You were on level 5 of the Dungeon.
You visited 1 branch of the dungeon, and saw 1 of its levels.

You collected 24 gold pieces.

Inventory:

Hand Weapons
 a - a +0 short sword (weapon)
Armour
 b - a +0 leather armour (worn)
 i - a +0 cloak
Wands
 g - a wand of digging (3)
Scrolls
 c - a scroll of fog
 d - a scroll of magic mapping
 e - a scroll of fear
 h - a scroll of remove curse {unknown}
Potions
 f - a potion of haste


   Skills:
 + Level 4.2 Fighting
 * Level 4.2 Short Blades
 + Level 3.8 Dodging
 + Level 7.5 Stealth


You had 4 spell levels left.
You didn't know any spells.
Your spell library was empty.

Dungeon Overview and Level Annotations

Branches:
Dungeon (5/15)
 Temple: D:4-7

Altars:


Innate Abilities, Weirdness & Mutations

You are small and have problems with some larger weapons.
You are completely attuned to the shadows.


Message History

The ogre is moderately wounded.
The ogre misses you.
You hit the ogre.
The ogre is heavily wounded.
The ogre misses you.
You hit the ogre but do no damage.
The ogre is heavily wounded.
You hit the ogre.
The ogre is severely wounded.
The ogre barely misses you.
You hit the ogre.
The ogre is almost dead.
The ogre hits you with a +0 giant spiked club!
* * * LOW HITPOINT WARNING * * *
You hit the ogre but do no damage.
The ogre is almost dead.
You hit the ogre.
The ogre is almost dead.
The ogre hits you with a +0 giant spiked club!
You die...

.....#....#.##..# #....#..###
.##..##.###.....####.........#
####.#..†.......#...........##
.#......#...................#
........##.................###
..###...# #..................###
..###...###....##..............#
..........#...<##.........(...##
.....##.........@....###....###
............##.##O#...#....##
.....#####........##.....###
......#..##.......##....##
............# ####...#
..#........## #...###
.....###...# #..## .....####>##
##..# ......##...####...#


You could see an ogre.

Vanquished Creatures
  Menkaure (D:5)
  A hound (D:5)
  A giant cockroach (D:5)
3 creatures vanquished.

Notes
Turn   | Place    | Note
-------+----------+-------------------------------------------
     0 | D:5      | Sun the Kobold Delver began the quest for the Orb.
     0 | D:5      | Reached XP level 1. HP: 14/14 MP: 1/1
    16 | D:5      | Noticed Menkaure
    20 | D:5      | Killed Menkaure
    20 | D:5      | Reached skill level 7 in Stealth
    20 | D:5      | Reached XP level 2. HP: 20/20 MP: 2/2
    20 | D:5      | Reached XP level 3. HP: 24/24 MP: 3/3
    20 | D:5      | Reached XP level 4. HP: 29/29 MP: 4/4
    20 | D:5      | Reached XP level 5. HP: 33/33 MP: 5/5
   349 | D:5      | Noticed an ogre
   361 | D:5      | Mangled by an ogre

Illustrated notes

Levels and vault maps discovered:
D:5:      layout_cave_pools, uniq_menkaure, uniq_blork_the_orc

Skill      XL: |  1 |
---------------+----+-----
Fighting       | 4 |  4.2
Short Blades   | 4 |  4.2
Dodging        | 3 |  3.8
Stealth        | 7 |  7.5

Action                   |  1- 3 |  4- 6 || total
-------------------------+-------+-------++-------
Melee: Short sword       |     1 |    29 ||    30
 Stab: Sleeping          |     1 |     1 ||     2
Armor: Leather armour    |       |     3 ||     3
Dodge: Dodged            |       |    21 ||    21

Table legend: (Time is in decaauts)
 A = Elapsed time spent in this place.
 B = Non-inter-level travel time spent in this place.
 C = Inter-level travel time spent in this place.
 D = Time resting spent in this place.
 E = Time spent auto-exploring this place.
 F = Levels seen in this place.
 G = Mean time per level.
                   A        B        C        D        E       F      G
               +--------+--------+--------+--------+--------+-----+--------+
         Total |    358 |    358 |      0 |    124 |    192 |   1 |  358.0 |
       Dungeon |    358 |    358 |      0 |    124 |    192 |   1 |  358.0 |
               +--------+--------+--------+--------+--------+-----+--------+

Top non-repeatable levels by time:
     D:5: 358 daAuts
